[Event "FIDE WCCC Girls-10 2024"]
[Site "Montesilvano"]
[Date "2024.11.24"]
[Round "9.28"]
[White "Poliak, Margarita"]
[Black "Xin, Lisa J."]
[Result "1-0"]
[Annotator "NA RC"]
[ECO "C11"]
[WhiteElo "1514"]
[BlackElo "1602"]
[PlyCount "49"]
[EventDate "2024.11.18"]
[EventType "swiss"]
[EventCountry "ITA"]
[SourceTitle "playchess.com"]
[Source "ChessBase"]
[SourceQuality "1"]
[TimeControl "5400+30"]

1. e4 e6 2. d4 d5 3. Nc3 Nf6 4. e5 Nfd7 5. Nce2 c5 6. f4 Nc6 7. Nf3 Be7 8. g3 Qb6 9. c3 O-O 10. Bh3 Rd8 11. O-O Nf8 12. Kh1 Bd7 13. g4 Rac8 14. f5 cxd4 15. cxd4 Nb4 16. Bg5 Bxg5 17. Nxg5 exf5 18. gxf5 Nc2 19. f6 Bxh3 20. Nxh3 g6 21. Qd2 Nxa1 22. Qh6 Ne6 23. Ng5 Qc7 24. Qxh7+ Kf8 25. Qh8# 1-0

[Event "FIDE WCCC Girls-10 2024"]
[Site "Montesilvano"]
[Date "2024.11.24"]
[Round "9.29"]
[White "Abibulla, Inzhu"]
[Black "Gastaldo, Agathe"]
[Result "1/2-1/2"]
[Annotator "NA RC"]
[ECO "B08"]
[WhiteElo "1499"]
[BlackElo "1589"]
[PlyCount "100"]
[EventDate "2024.11.18"]
[EventType "swiss"]
[EventCountry "ITA"]
[SourceTitle "playchess.com"]
[Source "ChessBase"]
[SourceQuality "1"]
[TimeControl "5400+30"]

1. e4 d6 2. d4 Nf6 3. Nc3 g6 4. Bc4 Bg7 5. Nf3 O-O 6. O-O Nbd7 7. Be3 e5 8. dxe5 Nxe5 9. Nxe5 dxe5 10. Bg5 Qd4 11. Qxd4 exd4 12. Nd5 Be6 13. Bxf6 Bxd5 14. Bxg7 Bxc4 15. Bxf8 Bxf1 16. Bc5 Bc4 17. Bxd4 Rd8 18. Be3 Re8 19. f3 f5 20. b3 Bf7 21. Rd1 fxe4 22. fxe4 Rxe4 23. Bxa7 Re2 24. Rd8+ Kg7 25. Bd4+ Kh6 26. Rd7 Be8 27. Bg7+ Kg5 28. Rd5+ Kf4 29. Bh6+ Ke4 30. Rg5 Rxc2 31. Rg3 Bc6 32. Rg4+ Kf5 33. Rf4+ Ke5 34. Rf2 Rxf2 35. Kxf2 Kd4 36. Bf4 Kc3 37. Be5+ Kc2 38. b4 Kb1 39. a3 Ka2 40. Bxc7 Kxa3 41. Bd6 Kb3 42. g3 Kc4 43. Ke3 Kd5 44. Bc5 Ke5 45. Bb6 Kf5 46. Bc7 Kg4 47. Kd4 Kh3 48. Ke5 Kxh2 49. Kf6 Be4 50. Kg5 h5 1/2-1/2

[Event "FIDE WCCC Girls-10 2024"]
[Site "Montesilvano"]
[Date "2024.11.24"]
[Round "9.30"]
[White "Bjerregaard Hagen, Frida"]
[Black "Saltkhutsishvili, Sara"]
[Result "0-1"]
[Annotator "NA RC"]
[ECO "B13"]
[WhiteElo "1815"]
[BlackElo "1546"]
[PlyCount "68"]
[EventDate "2024.11.18"]
[EventType "swiss"]
[EventCountry "ITA"]
[SourceTitle "playchess.com"]
[Source "ChessBase"]
[SourceQuality "1"]
[TimeControl "5400+30"]

1. e4 c6 2. d4 d5 3. exd5 cxd5 4. Bd3 Nc6 5. c3 Qc7 6. h3 e6 7. Nf3 Bd6 8. O-O Nge7 9. Be3 h6 10. Nbd2 O-O 11. Be2 f5 12. Nb3 b6 13. Nc1 Na5 14. Re1 Nc4 15. Bxc4 dxc4 16. Bd2 Nc6 17. b3 cxb3 18. axb3 e5 19. dxe5 Nxe5 20. c4 Nxf3+ 21. Qxf3 Bb7 22. Qc3 Qc6 23. f3 Rae8 24. Nd3 Bg3 25. Rxe8 Rxe8 26. Bf4 Re2 27. Rf1 Bh4 28. Qd4 Qg6 29. Nf2 Bxf3 30. g4 fxg4 31. Qd6 Bxf2+ 32. Rxf2 Qb1+ 33. Kh2 Qh1+ 34. Kg3 Qxh3# 0-1

[Event "FIDE WCCC Girls-10 2024"]
[Site "Montesilvano"]
[Date "2024.11.24"]
[Round "9.31"]
[White "Billod-Laillet, Camille"]
[Black "Smilic, Nina"]
[Result "1-0"]
[Annotator "NA RC"]
[ECO "B25"]
[WhiteElo "1732"]
[BlackElo "1540"]
[PlyCount "211"]
[EventDate "2024.11.18"]
[EventType "swiss"]
[EventCountry "ITA"]
[SourceTitle "playchess.com"]
[Source "ChessBase"]
[SourceQuality "1"]
[TimeControl "5400+30"]

1. e4 c5 2. Nc3 Nc6 3. f4 d6 4. Nf3 Nf6 5. d3 g6 6. g3 Bg7 7. Bg2 O-O 8. O-O Re8 9. h3 a6 10. Qe1 Nb4 11. Qf2 Rb8 12. a3 Nc6 13. g4 Qc7 14. Qh4 Nd4 15. Ne1 b5 16. Rf2 b4 17. axb4 cxb4 18. Nd1 Bb7 19. Be3 Nc6 20. f5 Qd8 21. Bh6 Nd7 22. Bxg7 Kxg7 23. g5 a5 24. Qh6+ Kg8 25. h4 Nce5 26. Bh3 Ra8 27. Rh2 Qb6+ 28. Kh1 gxf5 29. Bxf5 Nf8 30. h5 e6 31. Bh3 d5 32. Qf6 Ned7 33. Qf4 dxe4 34. dxe4 Nc5 35. Re2 Ba6 36. Rf2 Ra7 37. h6 Qd8 38. Qe5 f6 39. Qxc5 Rf7 40. gxf6 Bb7 41. Qg5+ Ng6 42. Bg2 Qd4 43. Qd2 Qe5 44. Kg1 Qc5 45. Nd3 Qb6 46. Ne3 Qd4 47. Rxa5 Bxe4 48. Qxb4 Qxb4 49. Nxb4 Bxg2 50. Kxg2 Rb8 51. c3 Nh4+ 52. Kh3 Ng6 53. Ra6 e5 54. Re6 Nf4+ 55. Rxf4 exf4 56. Ned5 Rbf8 57. Kg4 f3 58. Kxf3 Ra7 59. Re4 Ra1 60. Kg2 Kh8 61. f7 Ra7 62. Kf3 Raxf7+ 63. Ke3 Rf1 64. Kd3 Rd1+ 65. Kc2 Rh1 66. Re6 Rh2+ 67. Kb3 Rh3 68. Nf6 Rxh6 69. Nbd5 Rb8+ 70. Kc4 Rh4+ 71. Kc5 Rxb2 72. Re8+ Kg7 73. Re7+ Kg6 74. Re3 Rb8 75. Kd6 Ra4 76. Ke6 Ra6+ 77. Ke5 Rb5 78. Rg3+ Kf7 79. Nxh7 Re6+ 80. Kd4 Rd6 81. Ng5+ Ke8 82. c4 Rb1 83. Re3+ Kd7 84. Re7+ Kc8 85. Rc7+ Kb8 86. Rg7 Rg1 87. Kc5 Rd8 88. Kc6 Rc8+ 89. Kb5 Rb1+ 90. Nb4 Rf8 91. Ne6 Re8 92. Nc5 Rh1 93. Nba6+ Ka8 94. Nc7+ Kb8 95. Nxe8 Rb1+ 96. Kc6 Rh1 97. Rg6 Rh8 98. Nd6 Rd8 99. Rg7 Rh8 100. Na6+ Ka8 101. Nc7+ Ka7 102. Nce8+ Ka6 103. Rg3 Ka5 104. Rb3 Ka4 105. Rb8 Ka3 106. c5 1-0

[Event "FIDE WCCC Girls-10 2024"]
[Site "Montesilvano"]
[Date "2024.11.24"]
[Round "9.32"]
[White "Aragonda, Sahasra"]
[Black "Serradell Munoz, Silvia"]
[Result "1-0"]
[Annotator "NA RC"]
[ECO "D03"]
[WhiteElo "1526"]
[BlackElo "1670"]
[PlyCount "59"]
[EventDate "2024.11.18"]
[EventType "swiss"]
[EventCountry "ITA"]
[SourceTitle "playchess.com"]
[Source "ChessBase"]
[SourceQuality "1"]
[TimeControl "5400+30"]

1. d4 Nf6 2. Nf3 e6 3. Bg5 Be7 4. Nbd2 d5 5. e3 O-O 6. Bd3 b6 7. c3 c5 8. Ne5 Nbd7 9. f4 Nxe5 10. fxe5 Nd7 11. Bxe7 Qxe7 12. Qh5 h6 13. O-O a5 14. Rf3 Ba6 15. Bxa6 Rxa6 16. Rg3 f6 17. exf6 Nxf6 18. Qxh6 Qf7 19. Qg6 Qxg6 20. Rxg6 Kh7 21. Rg3 Nh5 22. Rf3 Raa8 23. Raf1 Rfb8 24. Rf7 Nf6 25. R1xf6 Re8 26. Rf1 Rab8 27. Rc7 cxd4 28. exd4 Rbc8 29. Rff7 Rg8 30. Rxg7+ 1-0

[Event "FIDE WCCC Girls-10 2024"]
[Site "Montesilvano"]
[Date "2024.11.24"]
[Round "9.33"]
[White "Minzat, Victoria"]
[Black "Macakova, Bianka"]
[Result "1-0"]
[Annotator "NA RC"]
[ECO "C50"]
[WhiteElo "1505"]
[BlackElo "1610"]
[PlyCount "79"]
[EventDate "2024.11.18"]
[EventType "swiss"]
[EventCountry "ITA"]
[SourceTitle "playchess.com"]
[Source "ChessBase"]
[SourceQuality "1"]
[TimeControl "5400+30"]

1. e4 e5 2. Nf3 Nc6 3. Bc4 Nf6 4. d3 h6 5. Nc3 Bc5 6. O-O g5 7. Be3 Be7 8. Nd5 d6 9. Nd2 Na5 10. Nxf6+ Bxf6 11. Bb3 Nxb3 12. axb3 a6 13. f3 Be6 14. Nc4 Qe7 15. c3 h5 16. Nd2 h4 17. h3 Qd7 18. Kh2 Rg8 19. Kg1 Rh8 20. Kh2 Rg8 21. Kg1 Rh8 22. Kh2 Rg8 23. c4 Rg7 24. b4 Be7 25. Qa4 Qxa4 26. Rxa4 Kd7 27. b5 Rgg8 28. Rfa1 a5 29. b4 b6 30. bxa5 Rxa5 31. Rxa5 bxa5 32. Rxa5 Rb8 33. Ra7 Kc8 34. Nb3 Bd8 35. Na5 Bd7 36. Ra6 f6 37. Kg1 Be8 38. Kf2 Bd7 39. Kg1 Be8 40. Kf2 1-0

[Event "FIDE WCCC Girls-10 2024"]
[Site "Montesilvano"]
[Date "2024.11.24"]
[Round "9.34"]
[White "Mamarasulova, Yasmina"]
[Black "Milojevic, Dunja"]
[Result "1/2-1/2"]
[Annotator "NA RC"]
[ECO "E41"]
[WhiteElo "1444"]
[BlackElo "1610"]
[PlyCount "216"]
[EventDate "2024.11.18"]
[EventType "swiss"]
[EventCountry "ITA"]
[SourceTitle "playchess.com"]
[Source "ChessBase"]
[SourceQuality "1"]
[TimeControl "5400+30"]

1. d4 Nf6 2. c4 e6 3. Nc3 Bb4 4. e3 c5 5. Bd3 Nc6 6. Nf3 Bxc3+ 7. bxc3 d5 8. O-O Qa5 9. Qc2 O-O 10. Ne5 h6 11. f4 cxd4 12. Nxc6 bxc6 13. cxd4 Ba6 14. Bd2 Qa3 15. Rab1 Rab8 16. Rb3 Rxb3 17. axb3 Rb8 18. Rb1 Rf8 19. Rf1 Rb8 20. Rb1 Nd7 21. Bc1 Nf6 22. Bd2 Nd7 23. Bc1 Qb4 24. Bd2 Qb6 25. Ra1 c5 26. cxd5 Bxd3 27. Qxd3 exd5 28. dxc5 Qxb3 29. Qxb3 Rxb3 30. c6 Nb6 31. Rxa7 Rb1+ 32. Kf2 Rb2 33. Ke2 Rc2 34. c7 Kh7 35. Kd3 Rc6 36. Bc3 Nc8 37. Rb7 Nd6 38. Rb3 Rxc7 39. Be5 Rd7 40. Bxd6 Rxd6 41. Kd4 Kg6 42. Rb5 f6 43. Rxd5 Ra6 44. Ke4 Ra2 45. Kf3 Ra3 46. h4 h5 47. g3 f5 48. Rd6+ Kf7 49. Rb6 Rc3 50. Rb2 Ke6 51. Rb6+ Kf7 52. Rb2 Ra3 53. Ke2 Kf6 54. Rb4 Ra2+ 55. Kf3 Ra3 56. Rb8 Kf7 57. Rh8 Kg6 58. Re8 Kf7 59. Re5 Kf6 60. Kg2 Ra2+ 61. Kh3 Re2 62. Re8 Kg6 63. Re6+ Kf7 64. Re5 Kf6 65. Re8 Kf7 66. Rh8 Kg6 67. Ra8 Rxe3 68. Ra6+ Kf7 69. Kg2 Rd3 70. Kf2 Rc3 71. Rd6 Ra3 72. Rd5 Kf6 73. Re5 Rb3 74. Re2 Ra3 75. Re8 Rb3 76. Re1 Kf7 77. Re5 Kf6 78. Ra5 Rc3 79. Ra6+ Kf7 80. Rd6 Rb3 81. Rd7+ Kf6 82. Rd6+ Kf7 83. Rd5 Kf6 84. Re5 Ra3 85. Re1 Kf7 86. Re6 Rb3 87. Re2 Ra3 88. Re8 Rb3 89. Re1 Kf6 90. Re5 Ra3 91. Re1 Kf7 92. Rg1 Kf6 93. Ke2 Kf7 94. Kd2 Kf6 95. Kc2 Kf7 96. Kb2 Rf3 97. Rg2 Kf6 98. Kc1 Kf7 99. Kd1 Kf6 100. Ke1 Ra3 101. Re2 Rb3 102. Re5 Rc3 103. Rd5 Ra3 104. Ke2 Kf7 105. Kd2 Kf6 106. Kc2 Kf7 107. Kb2 Rf3 108. Kc1 Kf6 1/2-1/2

[Event "FIDE WCCC Girls-10 2024"]
[Site "Montesilvano"]
[Date "2024.11.24"]
[Round "9.35"]
[White "Li, Grace"]
[Black "Song, Rina"]
[Result "1/2-1/2"]
[Annotator "NA RC"]
[ECO "B12"]
[WhiteElo "1529"]
[BlackElo "1599"]
[PlyCount "99"]
[EventDate "2024.11.18"]
[EventType "swiss"]
[EventCountry "ITA"]
[SourceTitle "playchess.com"]
[Source "ChessBase"]
[SourceQuality "1"]
[TimeControl "5400+30"]

1. e4 c6 2. d4 d5 3. e5 Bf5 4. Nd2 e6 5. Nb3 Nd7 6. Be3 Qc7 7. Be2 Ne7 8. Nf3 Ng6 9. O-O Be7 10. Bd3 Bxd3 11. Qxd3 O-O 12. Qd2 c5 13. c3 Rac8 14. Rac1 Nb6 15. dxc5 Nc4 16. Qe2 Nxe3 17. Qxe3 Bxc5 18. Nxc5 Qxc5 19. Rfe1 Qxe3 20. Rxe3 Rc6 21. Nd4 Rc7 22. Nb5 Rc5 23. Nd6 Rb8 24. Ree1 Re8 25. Re3 Rb8 26. g3 d4 27. Ne4 dxe3 28. Nxc5 exf2+ 29. Kxf2 Nxe5 30. Rd1 g6 31. Re1 Nc6 32. b4 b6 33. Nd7 Rd8 34. Rd1 Kg7 35. Ke2 Kg8 36. Kf2 Kg7 37. Ke2 Rc8 38. Rd3 e5 39. b5 e4 40. Re3 Na5 41. Rxe4 Rxc3 42. Rd4 Rc2+ 43. Rd2 Rxd2+ 44. Kxd2 Nc4+ 45. Kd3 Nd6 46. a4 h5 47. Kd4 h4 48. g4 f5 49. gxf5 gxf5 50. Ne5 1/2-1/2

[Event "FIDE WCCC Girls-10 2024"]
[Site "Montesilvano"]
[Date "2024.11.24"]
[Round "9.36"]
[White "Giss, Annika"]
[Black "Guerra Mansilla, Maria Ignacia"]
[Result "1/2-1/2"]
[Annotator "NA RC"]
[ECO "C07"]
[WhiteElo "1586"]
[BlackElo "1545"]
[PlyCount "90"]
[EventDate "2024.11.18"]
[EventType "swiss"]
[EventCountry "ITA"]
[SourceTitle "playchess.com"]
[Source "ChessBase"]
[SourceQuality "1"]
[TimeControl "5400+30"]

1. e4 e6 2. d4 d5 3. Nd2 c5 4. exd5 Qxd5 5. Ngf3 cxd4 6. Bc4 Qd7 7. O-O a6 8. Nb3 Nc6 9. Nbxd4 Nxd4 10. Nxd4 b5 11. Bd3 Bb7 12. Be3 Bd6 13. Re1 Nf6 14. Qe2 O-O 15. c3 Rac8 16. Bg5 Be7 17. Rf1 Bd6 18. Rfe1 Be7 19. Qc2 h6 20. Bh4 Qd5 21. Nf3 Qd7 22. Bxf6 Bxf6 23. Rad1 Qc7 24. Nd2 b4 25. c4 a5 26. b3 Qb6 27. Ne4 Bxe4 28. Bxe4 Rfd8 29. Bf3 Rxd1 30. Rxd1 Rd8 31. h3 Rxd1+ 32. Qxd1 Qd4 33. Qe2 Be5 34. g3 Qb2 35. Qxb2 Bxb2 36. Kf1 Kf8 37. c5 Ke7 38. c6 Kd6 39. Ke2 Kc7 40. Kd3 Kb6 41. Kc4 Be5 42. Kd3 Bb2 43. Kc4 Be5 44. Kd3 Bb2 45. Kc4 Be5 1/2-1/2

[Event "FIDE WCCC Girls-10 2024"]
[Site "Montesilvano"]
[Date "2024.11.24"]
[Round "9.43"]
[White "Camacho Chavez, Nirvana"]
[Black "Mence, Jasmina"]
[Result "1-0"]
[Annotator "NA RC"]
[ECO "C54"]
[WhiteElo "1638"]
[BlackElo "1542"]
[PlyCount "51"]
[EventDate "2024.11.18"]
[EventType "swiss"]
[EventCountry "ITA"]
[SourceTitle "playchess.com"]
[Source "ChessBase"]
[SourceQuality "1"]
[TimeControl "5400+30"]

1. e4 e5 2. Nf3 Nc6 3. Bc4 Nf6 4. d3 Bc5 5. c3 a6 6. Bb3 Ba7 7. O-O d6 8. Re1 Ng4 9. Re2 b5 10. h3 Nf6 11. Nbd2 O-O 12. Nf1 a5 13. Be3 Bxe3 14. Nxe3 a4 15. Bc2 Re8 16. Nh2 Nh5 17. Re1 Qg5 18. Qf3 Nf4 19. Kh1 Re6 20. Nd5 Nxd5 21. exd5 Rf6 22. Qe2 Ne7 23. d4 Nxd5 24. Nf3 Qh6 25. Qxb5 Nb6 26. Qe8# 1-0

[Event "FIDE WCCC Girls-10 2024"]
[Site "Montesilvano"]
[Date "2024.11.24"]
[Round "9.44"]
[White "Muradli, Sabira"]
[Black "Ivanova, Darina"]
[Result "1-0"]
[Annotator "NA RC"]
[ECO "B56"]
[WhiteElo "1430"]
[BlackElo "1516"]
[PlyCount "69"]
[EventDate "2024.11.18"]
[EventType "swiss"]
[EventCountry "ITA"]
[SourceTitle "playchess.com"]
[Source "ChessBase"]
[SourceQuality "1"]
[TimeControl "5400+30"]

1. e4 c5 2. d4 cxd4 3. Nf3 g6 4. Nxd4 Bg7 5. Nc3 Nc6 6. Be3 d6 7. Bb5 Bd7 8. O-O Nf6 9. Bxc6 bxc6 10. Nf3 O-O 11. h3 c5 12. e5 dxe5 13. Nxe5 Rc8 14. Qf3 Qc7 15. Nxd7 Qxd7 16. Rad1 Qe6 17. Rfe1 Qc6 18. Qxc6 Rxc6 19. Bg5 e6 20. b3 c4 21. Bxf6 Bxf6 22. Ne4 Bg7 23. Rd7 cxb3 24. cxb3 Ra6 25. a4 Rb8 26. Re3 Rc8 27. Nd6 Bd4 28. Rf3 Be5 29. Nxc8 f5 30. Nxa7 Rb6 31. Nb5 Rc6 32. g3 Rc1+ 33. Kg2 Rb1 34. Re3 Bg7 35. Rxe6 1-0

[Event "FIDE WCCC Girls-10 2024"]
[Site "Montesilvano"]
[Date "2024.11.24"]
[Round "9.46"]
[White "Ritinioti, Sofia"]
[Black "Yang, Haeun"]
[Result "1-0"]
[Annotator "NA RC"]
[ECO "E01"]
[WhiteElo "1534"]
[BlackElo "1475"]
[PlyCount "145"]
[EventDate "2024.11.18"]
[EventType "swiss"]
[EventCountry "ITA"]
[SourceTitle "playchess.com"]
[Source "ChessBase"]
[SourceQuality "1"]
[TimeControl "5400+30"]

1. d4 d5 2. Nf3 Nf6 3. g3 Nc6 4. Bg2 e6 5. O-O Bd6 6. c4 dxc4 7. Nbd2 b5 8. a4 Ba6 9. axb5 Bxb5 10. Qc2 Be7 11. e3 Nb4 12. Qc3 Nbd5 13. Qa5 c6 14. Qxd8+ Bxd8 15. Rd1 c3 16. bxc3 Nxc3 17. Re1 Ne2+ 18. Kh1 Ng4 19. h3 Nxf2+ 20. Kh2 Bc7 21. Ne5 f6 22. Bxc6+ Bxc6 23. Rxe2 fxe5 24. Rxf2 exd4 25. exd4 Bb6 26. Bb2 e5 27. Re1 Rb8 28. Rxe5+ Kd8 29. Nc4 Bc7 30. Rc5 Bb5 31. Ne5 Kc8 32. Nf7 Rg8 33. Nd6+ Kd7 34. Nxb5 Bb6 35. Re5 a6 36. Na3 Ba7 37. Nc4 Rgc8 38. Rf7+ Kd8 39. Rf8+ Kd7 40. Rf7+ Kd8 41. Rd5+ Ke8 42. Nd6+ Kd8 43. Nxc8+ Kxc8 44. Rf8+ Kc7 45. Rxb8 Bxb8 46. Rf5 Kb6 47. Rf7 a5 48. Rxg7 a4 49. Ba3 Ka5 50. Rxh7 Kb6 51. Rh6+ Kb7 52. d5 Kc7 53. Ra6 Kb7 54. Rxa4 Kc7 55. Rg4 Kd7 56. h4 Be5 57. h5 Bc3 58. h6 Ba1 59. h7 Bc3 60. Rh4 Bh8 61. Bb2 Bxb2 62. h8=Q Bxh8 63. Rxh8 Kd6 64. Rf8 Kxd5 65. g4 Ke6 66. g5 Ke7 67. Rf1 Ke8 68. g6 Kd8 69. g7 Ke7 70. g8=Q Kd7 71. Rf6 Ke7 72. Qg7+ Ke8 73. Rf8# 1-0

[Event "FIDE WCCC Girls-10 2024"]
[Site "Montesilvano"]
[Date "2024.11.24"]
[Round "9.47"]
[White "Kocherha, Yelizavieta"]
[Black "Gichuga Wanjiru Wanjiku"]
[Result "1-0"]
[Annotator "NA RC"]
[ECO "C53"]
[WhiteElo "1523"]
[BlackElo "1436"]
[PlyCount "63"]
[EventDate "2024.11.18"]
[EventType "swiss"]
[EventCountry "ITA"]
[SourceTitle "playchess.com"]
[Source "ChessBase"]
[SourceQuality "1"]
[TimeControl "5400+30"]

1. e4 e5 2. Nf3 Nc6 3. Bc4 h6 4. c3 Bc5 5. d4 exd4 6. cxd4 Bb4+ 7. Nc3 d6 8. O-O Nf6 9. d5 Ne5 10. Qa4+ Bd7 11. Qxb4 a6 12. Nxe5 c5 13. dxc6 Be6 14. Bxe6 fxe6 15. Ng6 bxc6 16. Nxh8 g5 17. e5 Rb8 18. Qc4 Nd7 19. Qxe6+ Qe7 20. Qg6+ Kf8 21. Qxh6+ Ke8 22. exd6 Qe5 23. Qg6+ Kd8 24. Nf7+ Kc8 25. Nxe5 Nxe5 26. Qe6+ Nd7 27. Qe8+ Kb7 28. Qxd7+ Ka8 29. Qxc6+ Ka7 30. Be3+ Rb6 31. Qxb6+ Ka8 32. Qa7# 1-0